 Dungeon Crawl Stone Soup version 0.16.2-2-g470672f (webtiles) character file.

7455 monobi the Nimble (level 10, -24/86 HPs)
             Began as a Pale Draconian Monk on Sept 5, 2015.
             Was a High Priest of Makhleb.
             Annihilated by a large abomination (26 damage)
             ... on level 2 of the Abyss.
             The game lasted 00:56:26 (9080 turns).

monobi the Nimble (Pale Draconian Monk)             Turns: 9080, Time: 00:56:26

Health: -24/86     AC: 18    Str: 17      XL:     10   Next: 94%
Magic:  0/18       EV: 19    Int: 13      God:    Makhleb [*****.]
Gold:   390        SH:  0    Dex: 16 (19) Spells: 0 memorised, 9 levels left

rFire  . . .     SeeInvis .     a - +6 dagger (protect)
rCold  . . .     Rnd*Rage +     (armour unavailable)
rNeg   + . .     SustAb   .     (no shield)
rPois  .         Gourm    .     (helmet restricted)
rElec  .         Spirit   +     h - +2 cloak
rCorr  .         Warding  .     C - +1 pair of gloves
rMut   .         Rnd*Tele +     (no boots)
MR     .....                    t - amulet of guardian spirit
Stlth  ++........               r - +3 ring of dexterity
                                d - ring of positive energy

@: mighty, exhausted, very slightly contaminated, slowed, very slow, not
resistant to hostile enchantments, unstealthy
A: breathe steam, unfitting armour, hooves 1, berserk 3, clever 1, deformed
body, deterioration 1, low mp 1, regeneration 1, shaggy fur 1, teleportitis 1,
weak 1, cold-blooded, MP-powered wands 1, AC +7
a: Breathe Steam, Minor Destruction, Lesser Servant of Makhleb, Major
Destruction, Greater Servant of Makhleb, Renounce Religion


You were on level 2 of the Abyss.
You worshipped Makhleb.
Makhleb was extremely pleased with you.
You were near starving.

You visited 2 branches of the dungeon, and saw 10 of its levels.
You visited the Abyss 1 time.
You also visited: Sewer and Ossuary.

You collected 390 gold pieces.

Inventory:

Hand weapons
 a - a +6 dagger of protection (weapon)
Missiles
 H - 2 throwing nets (quivered)
Armour
 h - a +2 cloak (worn)
 C - a +1 pair of gloves (worn)
Jewellery
 d - a ring of positive energy (left hand)
 r - a +3 ring of dexterity (right hand)
 t - an amulet of guardian spirit (around neck)
Magical devices
 i - a wand of cold (5)
 n - a wand of flame (5)
 o - a wand of digging (16)
 p - a wand of digging (8)
 x - a wand of fireball (4)
Scrolls
 c - 4 scrolls of identify
 e - 2 scrolls of enchant armour
 j - a scroll of enchant weapon
 w - a scroll of fear {unknown}
 y - 2 scrolls of recharging
 E - 3 scrolls of teleportation
 F - a scroll of fog
 I - a scroll of acquirement {unknown}
Potions
 f - 2 potions of magic
 g - 2 potions of resistance
 k - 2 potions of flight
 l - a potion of brilliance
 q - 3 potions of might
 v - a potion of restore abilities
 D - a potion of haste
Comestibles
 b - 9 bread rations
 z - 6 meat rations
 G - 6 beef jerkies
 J - a royal jelly


   Skills:
 + Level 7.5 Fighting
 * Level 7.6 Short Blades
 - Level 0.5 Throwing
 - Level 10.1 Dodging
 + Level 4.9 Stealth
 - Level 4.6 Unarmed Combat
 * Level 4.2 Invocations
 + Level 6.8 Evocations


You had 9 spell levels left.
You didn't know any spells.

Dungeon Overview and Level Annotations

Branches:
Dungeon (9/15)             Temple (1/1) D:5            Lair (0/8) D:9
    Orc: D:9-12

Altars:
Cheibriados
Dithmenos
Elyvilon
Fedhas
Gozag
Kikubaaqudgha
Makhleb
Nemelex Xobeh
Okawaru
Qazlal
Ru
Sif Muna
Trog
Vehumet
Xom
Yredelemnul
Zin
The Shining One

Annotations:
D:5 Prince Ribbit
D:9 Erolcha


Innate Abilities, Weirdness & Mutations

You can breathe blasts of scalding steam.
Your pale cyan-grey scales are hard (AC +7).
Your body does not fit into most forms of armour.
Your cold-blooded metabolism reacts poorly to cold.
You have large cloven feet.
Your mind is acute. (Int +2)
Your body is misshapen.
Your body is slowly deteriorating.
Your natural rate of healing is unusually fast.
You are covered in fur (AC +1).
[You have an uncontrollable temper.]
[Your magical capacity is low (-10% MP).]
[Space occasionally distorts in your vicinity.]
[You are weak. (Str -2)]
[You expend magic power (3 MP) to slightly strengthen your wands.]


Message History

The large abomination closely misses you.
You puncture the large abomination! You kick the large abomination.
The large abomination is heavily damaged.
The large abomination misses you.
You barely miss the large abomination. Your kick misses the large abomination.
You tail-slap the large abomination!
The large abomination is severely damaged.
The large abomination completely misses you.
You barely miss the large abomination. Your kick misses the large abomination.
The large abomination is severely damaged.
The large abomination closely misses you.
You hit the large abomination but do no damage.
Your kick misses the large abomination.
The large abomination is severely damaged.
The large abomination hits you!
* * * LOW HITPOINT WARNING * * *
You hit the large abomination. You kick the large abomination.
The large abomination is severely damaged.
The large abomination hits you!!
You die...

# . .#.#. ... .
.#. # # . #
###.#.#.. . .
#..# # ...## #
# ##... #.# ..
#..##..#.###.#.
#.#.#§##.# #@#
.# .
#.##X.#.#.# #≈.
.### . . #≈
##..# ## # ##.
#.# . .# . . .
.. ..


You could see a large abomination.

Vanquished Creatures
  A wretched star (Abyss:2)
  A guardian serpent (Abyss:2)
  Joseph (D:7)
  A tormentor (Abyss:2)
  A large abomination (Abyss:2)
  3 yaks (D:9)
  The ghost of DizzySkin the Conjurer, an average DECj of Vehumet (D:4)
  Menkaure (D:5)
  4 orc warriors (D:7)
  A hell hound (Abyss:2)
  An eye of draining (D:9)
  8 ogres
  2 ice beasts
  3 sky beasts
  Sigmund (D:7)
  Duvessa (D:9)
  An elf zombie (Ossuary)
  3 giant frogs
  Blork the orc (D:5)
  3 big kobolds (Sewer)
  5 scorpions
  3 killer bees (D:8)
  A gnoll sergeant (D:6)
  3 wights (D:8)
  6 centaur zombies
  Dowan (D:9)
  A goliath beetle (D:8)
  5 crimson imps
  2 giant frog zombies (D:7)
  2 human zombies (Ossuary)
  4 orc priests
  4 hounds
  An iguana (D:4)
  2 jellies
  7 orc wizards
  A centaur skeleton (D:6)
  Natasha (thrice) (D:6)
  9 worker ants
  A hound zombie (D:6)
  Terence (D:2)
  3 mummies
  2 hound skeletons (D:4)
  11 gnolls
  17 adders
  A river rat (Sewer)
  A giant mite (D:3)
  A shadow imp (D:6)
  6 worms
  An ufetubus (Abyss:2)
  An adder zombie (Ossuary)
  13 giant geckos
  3 oozes (Sewer)
  28 orcs
  A bat zombie (D:6)
  6 giant cockroaches
  9 hobgoblins
  7 jackals
  A quokka (D:5)
  2 ball pythons
  15 bats
  8 giant newts
  9 goblins
  3 goblin zombies
  10 hobgoblin zombies (Ossuary)
  2 jackal skeletons
  A jackal zombie (Ossuary)
  11 kobolds
  4 kobold zombies (Ossuary)
  12 orc zombies (Ossuary)
  A quokka skeleton (D:7)
  12 rats
  A rat zombie (Ossuary)
304 creatures vanquished.

Vanquished Creatures (collateral kills)
  A rust devil (Abyss:2)
1 creature vanquished.

Vanquished Creatures (others)
  A smoke demon (Abyss:2)
1 creature vanquished.

Grand Total: 306 creatures vanquished

Notes
Turn   | Place    | Note
--------------------------------------------------------------
     0 | D:1      | monobi, the Draconian Monk, began the quest for the Orb.
     0 | D:1      | Reached XP level 1. HP: 19/19 MP: 1/1
   172 | D:1      | Reached XP level 2. HP: 15/26 MP: 2/2
   555 | D:1      | Gained mutation: Your natural rate of healing is unusually fast. [potion of mutation]
   555 | D:1      | Gained mutation: Your mind is acute. (Int +2) [potion of mutation]
   555 | D:1      | Gained mutation: You have large cloven feet. [potion of mutation]
   556 | D:1      | Gained mutation: Your body is misshapen. [potion of mutation]
   556 | D:1      | Gained mutation: Your body is slowly deteriorating. [potion of mutation]
   556 | D:1      | Gained mutation: You are covered in fur (AC +1). [potion of mutation]
   752 | D:2      | Reached XP level 3. HP: 25/31 MP: 3/3
   799 | D:2      | Noticed Terence
   840 | D:2      | Killed Terence
  1072 | D:2      | Reached XP level 4. HP: 38/38 MP: 4/4
  1157 | D:2      | Found a bloodstained altar of Trog.
  1235 | D:3      | Found a glowing drain.
  1359 | Sewer    | Entered a sewer
  1401 | Sewer    | Reached XP level 5. HP: 46/46 MP: 5/5
  1445 | Sewer    | Noticed a big kobold
  1445 | Sewer    | Noticed a big kobold
  1458 | Sewer    | Killed a big kobold
  1458 | Sewer    | Reached skill level 1 in Short Blades
  1478 | Sewer    | Killed a big kobold
  1478 | Sewer    | Reached XP level 6. HP: 50/52 MP: 6/6
  1694 | Sewer    | Noticed a big kobold
  1709 | Sewer    | Killed a big kobold
  1709 | Sewer    | Reached skill level 5 in Dodging
  2314 | D:4      | Your scales start fading to a pale cyan-grey colour.
  2314 | D:4      | Reached XP level 7. HP: 60/60 MP: 7/7
  2756 | D:4      | Reached skill level 6 in Dodging
  3026 | D:4      | Noticed DizzySkin's ghost (average DECj)
  3046 | D:4      | Killed DizzySkin's ghost
  3046 | D:4      | Reached skill level 1 in Evocations
  3731 | D:5      | Entered Level 5 of the Dungeon
  3802 | D:5      | Reached XP level 8. HP: 67/67 MP: 11/11
  3828 | D:5      | Found a sand-covered staircase.
  3841 | Ossuary  | Entered an ossuary
  4011 | Ossuary  | Reached skill level 7 in Dodging
  4115 | Ossuary  | Reached skill level 5 in Fighting
  4330 | D:5      | Noticed Blork the orc
  4342 | D:5      | Killed Blork the orc
  4417 | D:5      | Noticed Prince Ribbit
  4557 | D:5      | Reached skill level 8 in Dodging
  4560 | D:5      | Found a staircase to the Ecumenical Temple.
  4588 | D:5      | Noticed Menkaure
  4599 | D:5      | Killed Menkaure
  5056 | Temple   | Entered the Ecumenical Temple
  5203 | Temple   | Became a worshipper of Makhleb the Destroyer
  5203 | Temple   | Acquired Makhleb's first power
  5203 | Temple   | Acquired Makhleb's second power
  5371 | D:6      | Reached XP level 9. HP: 74/74 MP: 13/15
  5898 | D:6      | Noticed Natasha
  5903 | D:6      | Killed Natasha
  6062 | D:6      | Reached skill level 5 in Evocations
  6359 | D:6      | Noticed Natasha
  6366 | D:6      | Killed Natasha
  6593 | D:6      | Noticed Natasha
  6600 | D:6      | Killed Natasha
  6667 | D:7      | Acquired Makhleb's third power
  6807 | D:7      | Got a faintly glowing leather armour
  6808 | D:7      | Identified the cursed -1 leather armour "Psagid" {Contam rElec rPois rN+ Str-4} (You found it on level 7 of the Dungeon)
  6841 | D:7      | Reached skill level 9 in Dodging
  7002 | D:7      | Noticed Joseph
  7028 | D:7      | Killed Joseph
  7127 | D:7      | Reached skill level 5 in Short Blades
  7233 | D:7      | Acquired Makhleb's fourth power
  7424 | D:7      | Noticed Sigmund
  7448 | D:7      | Killed Sigmund
  7504 | D:7      | Reached XP level 10. HP: 83/83 MP: 19/19
  7604 | D:7      | Found a sparkling altar of Nemelex Xobeh.
  7605 | D:7      | Found an iron altar of Okawaru.
  7773 | D:8      | Reached skill level 10 in Dodging
  8051 | D:8      | Found a snail-covered altar of Cheibriados.
  8431 | D:8      | Reached skill level 1 in Invocations
  8685 | D:9      | Noticed Duvessa
  8686 | D:9      | Noticed Dowan
  8709 | D:9      | Killed Duvessa
  8709 | D:9      | Acquired Makhleb's fifth power
  8715 | D:9      | Killed Dowan
  8793 | D:9      | Found a staircase to the Lair.
  8817 | D:9      | Noticed Erolcha
  8822 | D:9      | Cast into the Abyss (Erolcha)
  8938 | Abyss:2  | Noticed a rust devil
  8960 | Abyss:2  | Killed a rust devil
  8968 | Abyss:2  | Noticed a wretched star
  8988 | Abyss:2  | Killed a wretched star
  9003 | Abyss:2  | Noticed a thrashing horror
  9006 | Abyss:2  | Noticed a thrashing horror
  9052 | Abyss:2  | Noticed a guardian serpent
  9070 | Abyss:2  | Killed a guardian serpent
  9079 | Abyss:2  | HP: 2/86 [large abomination (7)]
  9080 | Abyss:2  | Annihilated by a large abomination

Action                   |  1- 3 |  4- 6 |  7- 9 | 10-12 || total
-------------------------+-------+-------+-------+-------++-------
Melee: Unarmed           |    33 |       |       |       ||    33
       Dagger            |   113 |   318 |   849 |   409 ||  1689
Throw: Throwing net      |       |       |     2 |       ||     2
Invok: Major Destruction |       |       |       |     2 ||     2
       Minor Destruction |       |       |       |     1 ||     1
       Lesser Servant of |       |       |       |     1 ||     1
 Abil: Breathe Steam     |       |       |     5 |     5 ||    10
  Use: Scroll            |     8 |     9 |     9 |       ||    26
       Potion            |     2 |       |    13 |     5 ||    20
 Stab: Sleeping          |     2 |       |     8 |     4 ||    14
       Distracted        |       |       |     1 |       ||     1
       Invisible         |       |       |       |     1 ||     1
  Eat: Chunk             |       |     2 |     7 |     3 ||    12
       Meat ration       |       |     1 |     1 |       ||     2
       Beef jerky        |       |       |     2 |       ||     2
       Fruit             |       |       |     2 |     4 ||     6
